 Dungeon Crawl Stone Soup version 0.31-a0-702-gf82c85558f (webtiles) character file.

Game seed: 9715850682166701947

218 qw the Trooper (level 5, -1/35 HPs)
             Began as a Gargoyle Hunter on Sept 8, 2023.
             Slain by a goblin
             ... wielding a +0 dagger
             ... led by Robin
              (2 damage)
             ... on level 2 of the Dungeon.
             The game lasted 00:00:28 (1244 turns).

qw the Trooper (Gargoyle Hunter)                    Turns: 1244, Time: 00:00:29

Health: -1/35      AC:  9    Str: 14    XL:     5   Next: 95%
Magic:  5/5        EV: 10    Int: 10    God:
Gold:   55         SH:  0    Dex: 15    Spells: 4/4 levels left

rFire   . . .        Y - +0 shortbow
rCold   . . .        (shield currently unavailable)
rNeg    + . .        g - +0 ring mail
rPois   inf          (no helmet)
rElec   +            (no cloak)
rCorr   .            (no gloves)
SInv    .            (no boots)
Will    .....        (no amulet)
Stlth   +            (no ring)
HPRegen 0.25/turn    (no ring)
MPRegen 0.09/turn

%: no passive effects
@: no status effects
A: sickness immunity, AC +4, negative energy resistance 1, electricity
resistance, torment resistance 1, petrification resistance
a: no special abilities


You were on level 2 of the Dungeon.
You visited 1 branch of the dungeon, and saw 2 of its levels.

You collected 55 gold pieces.


Innate Abilities, Weirdness & Mutations

You are immune to sickness and miasma.
Your stone body is resilient. (AC +4)
You are immune to poison.
You resist negative energy. (rN+)
You are resistant to electric shocks. (rElec)
You are resistant to unholy torment.
You are immune to petrification.


   Skills:
 - Level 5.3 Fighting
 + Level 5.1 Ranged Weapons
 - Level 1.1 Armour
 - Level 1.5 Dodging
 - Level 1.1 Stealth


You had 4 spell levels left.
You didn't know any spells.
Your spell library was empty.

Inventory:

Hand Weapons
 Y - a +0 shortbow (weapon)
Armour
 d - a +1 robe of cold resistance
 g - a +0 ring mail (worn)
Scrolls
 a - a scroll of identify
 b - a scroll of teleportation {unknown}
 c - a scroll of vulnerability {unknown}

Dungeon Overview and Level Annotations

Branches:
Dungeon (2/15)

Altars:

Annotations:
D:2 Robin


Message History

The goblin no longer looks unusually strong. x3
The goblin hits you but does no damage. x2; The hobgoblin closely misses you.
The goblin barely misses you.
The hobgoblin hits you but does no damage.
You shoot an arrow. The arrow hits the hobgoblin.
You kill the hobgoblin!
The goblin hits you with a +0 dagger. The goblin barely misses you.
The goblin hits you but does no damage. The hobgoblin barely misses you.
The goblin hits you but does no damage. x2
The goblin hits you with a +0 dagger. The goblin barely misses you.
You shoot an arrow.
The arrow completely misses the hobgoblin.
The goblin hits you but does no damage. The hobgoblin misses you.
The goblin barely misses you.
The goblin hits you but does no damage. x2
You shoot an arrow.
The arrow hits the hobgoblin but does no damage.
The hobgoblin barely misses you. The goblin closely misses you.
The goblin hits you but does no damage. x3
You shoot an arrow. The arrow closely misses the hobgoblin.
The goblin no longer looks unusually strong.
The hobgoblin no longer looks unusually strong.
The hobgoblin closely misses you. The goblin hits you with a +0 dagger.
The goblin hits you but does no damage. The goblin completely misses you.
The goblin barely misses you.
You shoot an arrow.
The arrow completely misses the hobgoblin.
The goblin no longer looks unusually strong.
The hobgoblin hits you. The goblin closely misses you. x2
The goblin hits you but does no damage. The goblin barely misses you.
The hobgoblin hits you. The goblin hits you but does no damage.
The goblin barely misses you.
The goblin hits you but does no damage. x2
You shoot an arrow. The arrow closely misses the hobgoblin.
The hobgoblin hits you but does no damage.
The goblin closely misses you. The goblin hits you with a +0 club.
The goblin closely misses you. x2
Robin roars a battlecry!
The goblins go into a battle-frenzy!
You shoot an arrow. The arrow closely misses the hobgoblin.
The hobgoblin barely misses you. The goblin hits you with a +0 dagger.
You die...

#### .... ###### ##
... ..#.## .. ..#
#....#### #.
#.#.##........
#..#.#...........
#..#.####...#
#.........gg#####.#
#.##.#####g@g.....#
#.##.# ##g#######
#.###.##.#


.gg #........# ..... ######.#### ....... #.......####.........
..........)+.........+ #.#.....####.........# #.#.#..## You could see Robin, a
hobgoblin (strong) and 5 goblins.

Vanquished Creatures
  Sigmund (D:2)
  3 dart slugs
  3 bats (D:1)
  3 endoplasms
  2 giant cockroaches
  6 hobgoblins
  3 quokkas
  4 frilled lizards
  16 goblins
  2 kobolds (D:1)
  4 rats
47 creatures vanquished.

Notes
Turn   | Place    | Note
-------+----------+-------------------------------------------
     0 | D:1      | qw the Gargoyle Hunter began the quest for the Orb.
     0 | D:1      | Reached XP level 1. HP: 12/12 MP: 1/1
     0 | D:1      | 0 ||| qw: Version: 0.3-a-76-g4403597
     0 | D:1      | 0 ||| qw: Game counter: 1093
     0 | D:1      | 0 ||| qw: Melee chars always use a shield: true
     0 | D:1      | 0 ||| qw: God list: Okawaru
     0 | D:1      | 0 ||| qw: Allow faded altars: false
     0 | D:1      | 0 ||| qw: Do Orc after clearing Dungeon:15 true
     0 | D:1      | 0 ||| qw: Do second Lair branch before Depths: true
     0 | D:1      | 0 ||| qw: Lair rune preference: random
     0 | D:1      | 0 ||| qw: Goals: Normal
     0 | D:1      | 0 ||| PLANNING D:1-11
   121 | D:1      | Reached XP level 2. HP: 17/17 MP: 2/2
   370 | D:1      | Reached XP level 3. HP: 21/21 MP: 3/3
   771 | D:1      | 771 ||| UPGRADING to +0 ring mail.
   781 | D:1      | 781 ||| DROPPING +0 leather armour.
   782 | D:1      | 782 ||| READING 2 scrolls labelled WAQITZ MIEB QIL.
   783 | D:1      | 783 ||| READING scroll labelled GAURIP OTOLE.
   784 | D:1      | 784 ||| DRINKING 2 amethyst potions.
   789 | D:1      | 789 ||| DROPPING scroll of butterflies.
   790 | D:1      | 790 ||| DROPPING potion of ambrosia.
  1010 | D:2      | Reached skill level 1 in Armour
  1050 | D:2      | Noticed Sigmund
  1061 | D:2      | Killed Sigmund
  1062 | D:2      | Reached XP level 4. HP: 10/31 MP: 4/4
  1062 | D:2      | Reached XP level 5. HP: 11/35 MP: 5/5
  1226 | D:2      | Noticed Robin
  1238 | D:2      | HP: 8/35 [goblin/+0 dagger[Robin] (1)]
  1242 | D:2      | HP: 3/35 [hobgoblin[Robin] (1)]
  1243 | D:2      | HP: 1/35 [goblin/+0 club[Robin] (2)]
  1244 | D:2      | Slain by a goblin

Levels and vault maps discovered:
D:1:      lemuel_arrival_rhombus, layout_loops_corners, minmay_misc_feat_chi
D:2:      layout_loops_corners, uniq_robin, uniq_sigmund

Skill      XL: |  1  2  3 |
---------------+----------+-----
Ranged Weapons | 5 |  5.1
Armour         | 1 |  1.1
Fighting       | 5 |  5.3
Dodging        | |  1.5
Stealth        | |  1.1

Action                     |  1- 3 |  4- 6 || total
---------------------------+-------+-------++-------
   Fire: Shortbow          |   102 |    20 ||   122
    Use: Scroll            |     2 |       ||     2
         Potion            |     1 |       ||     1
 Armour: Leather armour    |    16 |       ||    16
         Ring mail         |     5 |    52 ||    57
  Dodge: Dodged            |    18 |    43 ||    61

Table legend:
 A = Non-vault XP
 B = Vault XP
 C = Vault XP percentage of total XP
 D = Non-vault monster count
 E = Vault monster count
 F = Vault count percentage of total count
                 A         B        C        D         E       F
            +---------+---------+-------+---------+---------+-------
      Total |      76 |     236 |  75.6 |      41 |       6 |  12.8
            +---------+---------+-------+---------+---------+-------
        D:1 |      56 |       0 |   0.0 |      30 |       0 |   0.0
        D:2 |      20 |     236 |  92.2 |      11 |       6 |  35.3
            +---------+---------+-------+---------+---------+-------
